 Dungeon Crawl Stone Soup version 0.21.1-1-g345015fe64 (webtiles) character file.

91 JarielCorvus the Magician (level 4, 0/24 HPs)
             Began as a Deep Elf Air Elementalist on June 20, 2018.
             Slain by Naru's ghost (13 damage)
             ... on level 3 of the Dungeon.
             The game lasted 00:05:31 (2874 turns).

JarielCorvus the Magician (DEAE)                    Turns: 2874, Time: 00:05:32

Health: 0/24       AC:  2    Str:  5    XL:     4   Next: 33%
Magic:  0/13       EV: 13    Int: 21    God:
Gold:   119        SH:  0    Dex: 15    Spells: 7/13 levels left

rFire    . . .     SeeInvis .   n - +2 dagger (venom)
rCold    . . .     Gourm    .   (no shield)
rNeg     . . .     Faith    .   a - +0 robe
rPois    .         Spirit   .   (no helmet)
rElec    .         Reflect  .   (no cloak)
rCorr    +         Harm     .   (no gloves)
MR       .....                  (no boots)
Stlth    ++........             (no amulet)
HPRegen  0.08/turn              f - ring of resist corrosion
MPRegen  0.13/turn              (no ring)

@: no status effects
A: no striking features
a: no special abilities


You were on level 3 of the Dungeon.
You were hungry.

You visited 1 branch of the dungeon, and saw 3 of its levels.

You collected 119 gold pieces.

Inventory:

Hand Weapons
 n - a +2 dagger of venom (weapon)
Armour
 a - a +0 robe (worn)
Jewellery
 f - a ring of resist corrosion (left hand)
Wands
 m - a wand of acid (7)
Scrolls
 e - 2 scrolls of remove curse
 g - a scroll of enchant armour {unknown}
 i - a scroll of enchant weapon {unknown}
 l - a scroll of teleportation {unknown}
Potions
 d - a potion of curing {unknown}
 h - a potion of magic {unknown}
 j - a potion of berserk rage {unknown}
 k - 2 potions of heal wounds {unknown}
 o - a potion of lignification {unknown}
Books
 b - a book of Air

   Spells                             Type                      Level
   a - Shock                          Conjuration/Air              1
   b - Swiftness                      Charms/Air                   2
   c - Static Discharge               Conjuration/Air              3
   d - Airstrike                      Air                          4
   e - Lightning Bolt                 Conjuration/Air              5
 p - a book of Necromancy

   Spells                             Type                      Level
   a - Pain                           Necromancy                   1
   b - Animate Skeleton               Necromancy                   1
   c - Vampiric Draining              Necromancy                   3
   d - Regeneration                   Charms/Necromancy            3
   e - Animate Dead                   Necromancy                   4
   f - Borgnjor's Vile Clutch         Necromancy/Earth             5
Comestibles
 c - 3 rations


   Skills:
 - Level 2.4 Dodging
 - Level 2.4 Stealth
 * Level 5.0 Spellcasting
 + Level 2.4 Conjurations
 + Level 3.6 Air Magic


You had 7 spell levels left.
You knew the following spells:

 Your Spells              Type           Power        Failure   Level  Hunger
a - Shock                 Conj/Air       ###.         3%          1    None
b - Swiftness             Chrm/Air       ##......     8%          2    None
c - Static Discharge      Conj/Air       ###.....     10%         3    ##.....


Dungeon Overview and Level Annotations

Branches:
Dungeon (3/15)

Altars:
Sif Muna

Annotations:
D:3 Naru's ghost, amateur HOMo


Message History

Press: ? - help, Shift-Dir - straight line, f/p - Naru's ghost
Aim: Naru's ghost (severely damaged)
The zap hits Naru's ghost.
Naru's ghost is severely damaged.
The zap hits the kobold.
You kill the kobold!
Your Spellcasting skill increases to level 5!
Naru's ghost barely misses you. As you open the door, it creaks loudly!
You hear a shout!
Naru's ghost closely misses you.
Found an emerald ring.
A hobgoblin comes into view. It is wielding a club.
Casting: Shock
Confirm with . or Enter, or press ? or * to list all spells.
Aiming: Shock
Press: ? - help, Shift-Dir - straight line, f/p - Naru's ghost
Aim: Naru's ghost (severely damaged)
The zap misses Naru's ghost.
Naru's ghost hits you!
Ouch! That really hurt!
You die...

#...# #....# #......
#######.# #....#
####### #.......#
#....+ #...##
#.####### #.#...
#.#### #.#### #....#
#.#### .#####'###
#+### #.##..
....†.....####......
#.##.#
...........W@'=.....
#.##.#
#.........####......
#.##.# #.........#
..... #.##.#
#.........# ....
#.##.# #.........#
..g #.##.#
#.......?.# ##
#..>.# .........#
###### ........#


You could see Naru's ghost and a hobgoblin.

Vanquished Creatures
  Terence (D:2)
  2 adders (D:3)
  An ooze (D:1)
  A worm (D:3)
  A dart slug (D:1)
  2 leopard geckos (D:2)
  4 bats
  2 giant cockroaches (D:2)
  4 goblins
  4 hobgoblins
  3 jackals (D:3)
  2 quokkas (D:2)
  A ball python (D:1)
  2 kobolds
  6 rats
36 creatures vanquished.

Notes
Turn   | Place    | Note
-------+----------+-------------------------------------------
     0 | D:1      | JarielCorvus the Deep Elf Air Elementalist began the quest for the Orb.
     0 | D:1      | Reached XP level 1. HP: 10/10 MP: 6/6
   261 | D:1      | Reached XP level 2. HP: 15/15 MP: 2/8
   604 | D:1      | Learned a level 2 spell: Swiftness
   897 | D:2      | Reached skill level 4 in Spellcasting
  1019 | D:2      | Reached XP level 3. HP: 19/19 MP: 6/10
  1024 | D:2      | Learned a level 3 spell: Static Discharge
  1431 | D:2      | Found a deep blue altar of Sif Muna.
  1635 | D:2      | Noticed Terence
  1644 | D:2      | Killed Terence
  2746 | D:3      | Reached XP level 4. HP: 24/24 MP: 8/12
  2860 | D:3      | Noticed Naru's ghost (amateur HOMo)
  2868 | D:3      | Reached skill level 5 in Spellcasting
  2874 | D:3      | Slain by Naru's ghost

Skill      XL: |  1  2  3  4 |
---------------+-------------+-----
Spellcasting   | 4 5 |  5.0
Conjurations   | 2 |  2.4
Dodging        | |  2.4
Stealth        | |  2.4
Air Magic      | |  3.6

Action                   |  1- 3 |  4- 6 || total
-------------------------+-------+-------++-------
Melee: Dagger            |     9 |       ||     9
 Cast: Shock             |    59 |    19 ||    78
       Static Discharge  |     4 |     1 ||     5
  Use: Scroll            |     6 |       ||     6
  Eat: Chunk             |     2 |       ||     2
       Ration            |     1 |       ||     1
Armor: Robe              |     2 |       ||     2
Dodge: Dodged            |    13 |     4 ||    17
